[Event "20th Delhi GM Open 2023"]
[Site "New Delhi"]
[Date "2023.03.26"]
[Round "5.2"]
[White "Aravindh, Chithambaram VR."]
[Black "Nitin, S.."]
[Result "1-0"]
[ECO "E73"]
[WhiteElo "2607"]
[BlackElo "2381"]
[Annotator "TA"]
[PlyCount "87"]
[EventDate "2023.03.23"]
[EventType "swiss"]
[EventCountry "IND"]
[SourceTitle "playchess.com"]
[Source "ChessBase"]
[SourceQuality "1"]
[TimeControl "5400+30"]

1. d4 Nf6 2. c4 g6 3. Nc3 Bg7 4. e4 d6 5. Be2 O-O 6. Be3 e5 7. d5 Na6 8. h4 Nc5 {[%emt 0:14:20] E73: King's Indian: Averbakh Variation without 6...c5.} 9. Qc2 a5 10. h5 Bd7 {[%emt 0:03:48] White is better.} 11. O-O-O a4 12. Nh3 {[%emt 0:14:31] [#]} (12. h6 $5 Bh8 $8 13. Bxc5 dxc5 14. d6 $14 (14. Nf3 Ne8 $11)) 12... a3 $146 {[%emt 0:14:36] And now ...axb2+ would win.} ({Predecessor:} 12... Qe7 13. hxg6 fxg6 14. f3 Nh5 15. Bf2 Bh6+ 16. Kb1 b6 17. g4 Nf4 18. Nxf4 Bxf4 {0-1 Tsvetkov,A (2358)-Kovalenko,I (2645) Titled Tuesday intern op 01st Sept blitz 2020 (5)}) 13. b3 Qe7 14. g3 ({White should try} 14. h6 $14 Bh8 15. Bg5) 14... b6 {[%emt 0:04:29] White now steadily converts the win.} (14... Nxh5 $11 {remains equal.} 15. Bxh5 gxh5) 15. hxg6 $1 $16 fxg6 {[%emt 0:00:31] [#]} 16. f3 $1 {[%emt 0:00:05] Wards off Ng4} Nh5 {[%emt 0:04:05] [#]} 17. Rdg1 Qf6 18. Nf2 Na6 (18... Qd8 $16) 19. Nd3 $18 Nc5 20. Nb4 Rfe8 21. Kb1 Qf7 22. Nb5 Rec8 23. Bc1 Qf8 24. Nxa3 c6 (24... Bh6 $142 25. Nb5 Bxc1) 25. dxc6 Bxc6 26. Nxc6 Rxc6 27. Qd1 Ne6 28. Nb5 {[%emt 0:00:31] Threatens to win with Qd5.} Nf6 {[%emt 0:01:06] Prevents Qd5.} 29. Bf1 Nc7 30. Nc3 Ne6 31. Bb2 Rc5 32. Nb5 {[%emt 0:01:25] Repels Nd4} Rc6 33. Rh2 Rd8 34. a4 h5 35. Ka2 Bh6 36. f4 Ng4 $2 (36... Nc5 37. Bh3 (37. fxe5 dxe5 38. Qf3 Ng4 $17) 37... Qe8) 37. Bh3 Nxh2 38. Bxe6+ Kh7 {[%emt 0:00:03] Black is weak on the light squares} 39. Rh1 ({Not} 39. fxe5 dxe5 40. Bd5 Qf2 $17) 39... exf4 40. Rxh2 fxg3 $2 {[%emt 0:00:02] [#]} (40... d5 41. Bxd5 fxg3) 41. Rxh5 $1 {[%emt 0:00:28][%mdl 576] Deflection} g2 (41... gxh5 42. Bf5+) 42. Rh2 d5 43. Bxd5 Qf2 44. Qd4 {[%emt 0:00:17] Excellently played by Aravindh!   Weighted Error Value: White=0.21 (precise) /Black=0.55} (44. Bg8+ $142 Kxg8 45. Qxd8+ Qf8 46. Qd5+ Qf7 47. Qxc6 Kh7 48. Qc8 Qg7 49. Bxg7) 1-0

[Event "20th Delhi GM Open 2023"]
[Site "New Delhi"]
[Date "2023.03.26"]
[Round "5.3"]
[White "Kobalia, Mikhail"]
[Black "Zhakshylykov, Erzhan"]
[Result "1/2-1/2"]
[ECO "C84"]
[WhiteElo "2577"]
[BlackElo "2274"]
[Annotator "TA"]
[PlyCount "92"]
[EventDate "2023.03.23"]
[EventType "swiss"]
[EventCountry "IND"]
[SourceTitle "playchess.com"]
[Source "ChessBase"]
[SourceQuality "1"]
[TimeControl "5400+30"]

1. e4 e5 2. Nf3 Nc6 3. Bb5 a6 4. Ba4 Nf6 5. O-O Be7 6. d3 b5 7. Bb3 O-O 8. a4 Rb8 9. axb5 axb5 10. Nc3 d6 11. Nd5 {[%emt 0:00:11] C84: Closed Ruy Lopez: Unusual White 6th moves.} Nxd5 12. Bxd5 Bd7 13. Be3 {[%emt 0:06:32] White is slightly better.} Bf6 {[%emt 0:05:36] [#]} 14. h3 $146 ({Predecessor:} 14. c3 Qe8 15. Ra6 Ne7 16. Bb3 Ra8 17. Rxa8 Qxa8 18. Qc2 c5 19. Qb1 Bc6 20. Bc2 {1-0 Lerch,P (2241)-Keil,U (2132) Berlin Lichtenberger op 13th 2014 (7)}) 14... Qe8 15. Qd2 Ne7 16. Bb3 Bc6 17. Ra7 Qd8 18. Qe2 Ng6 19. Nh2 Be7 20. g3 d5 $1 21. exd5 Bxd5 22. Bxd5 Qxd5 23. Rxc7 f5 24. Qf3 Qd8 25. Qc6 (25. Rb7 {simplifies} Rxb7 26. Qxb7 Qc8 27. Qxc8 Rxc8 28. Rc1) 25... f4 {[%emt 0:01:33] [#] Threatens to win with ...Rf6.} 26. Ba7 Ra8 (26... Rf6 $14 27. Qd7 (27. Qc3 Ra8 $17) 27... Ra8) 27. Bc5 (27. Rd7 $6 Qc8 28. Qxc8 (28. Qxb5 fxg3 29. Ng4 gxf2+ 30. Rxf2 Kh8 $11) 28... Rfxc8 $14) (27. g4 $16) 27... Bxc5 $11 {[%emt 0:01:46] The position is equal.} 28. Qxc5 fxg3 $1 29. fxg3 Qg5 $1 30. Qd5+ (30. Qxb5 $2 {is the wrong capture.} Qxg3+ 31. Kh1 Rxf1+ 32. Nxf1 Qf3+ 33. Kg1 Rf8 34. Qc4+ Kh8 $19) 30... Kh8 31. Qg2 {[%emt 0:00:20] Active counter play!} (31. Qxb5 Qxg3+ 32. Kh1 Rf2 33. Rxf2 Qxf2 34. d4 Ra1+) 31... Rxf1+ $1 32. Nxf1 Rf8 33. Ra7 e4 {[%emt 0:09:59] [#] aiming for ...Qc5+.} 34. Ra1 (34. dxe4 $2 {too greedy.} Qc5+ 35. Kh1 Qxa7 $19) 34... exd3 35. cxd3 Qc5+ 36. Kh1 Qd4 37. Ra8 Qxd3 38. Nd2 Kg8 39. Rxf8+ Nxf8 {[%emt 0:00:04][%mdl 4096] Endgame KQN-KQN} 40. Nf3 Qe4 41. Ng5 Qe5 42. Ne4 Ne6 43. Qc2 h6 44. Qc8+ Kh7 45. Qc2 {[%emt 0:00:05] White threatens Nf6+ and mate.} Kg8 46. Qc8+ Kh7 {[%emt 0:00:07] Weighted Error Value: White=0.13 (very precise) /Black=0.08 (flawless)} 1/2-1/2

[Event "20th Delhi GM Open 2023"]
[Site "New Delhi"]
[Date "2023.03.26"]
[Round "5.4"]
[White "Jaiswal, Rupesh"]
[Black "Mchedlishvili, Mikheil"]
[Result "0-1"]
[ECO "B40"]
[WhiteElo "2153"]
[BlackElo "2569"]
[Annotator "TA"]
[PlyCount "112"]
[EventDate "2023.03.23"]
[EventType "swiss"]
[EventCountry "IND"]
[SourceTitle "playchess.com"]
[Source "ChessBase"]
[SourceQuality "1"]
[TimeControl "5400+30"]

1. e4 c5 2. Nf3 e6 3. g3 Nc6 4. Bg2 Nf6 5. Qe2 e5 6. O-O {[%emt 0:00:07] B40: Sicilian: 2...e6, Unusual lines.} Be7 7. c3 O-O 8. Na3 {[%emt 0:00:21] The position is equal.} Re8 9. d3 h6 10. Nc4 Bf8 11. Ne3 d5 12. Nh4 {[%emt 0:20:04][%cal Re4d5] [#]} (12. exd5 {is more complex.} Nxd5 13. Nxd5 Qxd5 14. Nd2) 12... Ne7 $146 ({Predecessor:} 12... d4 13. Nd5 Be6 14. c4 b5 15. cxb5 Bxd5 16. exd5 Nb4 17. d6 Rb8 18. a3 Nbd5 {1-0 Martinez Alcantara,J (2620)-Vokhidov,S (2530) Titled Tuesday intern op 27th July blitz 2021 (8)}) 13. f4 exf4 14. gxf4 (14. e5 {feels hotter.} fxe3 15. exf6 Nc6 16. Ng6) 14... d4 (14... Nc6 {looks sharper.} 15. e5 d4 16. Nef5 g6) 15. cxd4 cxd4 16. Nc4 Nc6 17. Nf3 Be6 18. b3 Rc8 19. Bb2 Nd7 20. Rac1 (20. Bxd4 $2 Nxd4 21. Nxd4 Bc5 $19) (20. Nxd4 $2 Bc5 21. Kh1 (21. Qe3 $2 Nf6 $19) 21... Nxd4 $19) 20... Bg4 (20... b5 $5 21. Na3 Qa5 $11) 21. Ba3 (21. Bxd4 $2 Nxd4 22. Qb2 Bxf3 23. Bxf3 b5 $19) 21... Nc5 (21... Bxa3 22. Nxa3 Qe7 23. Nc2 $11) (21... b5 $1 $15 22. Nd6 Bxd6 23. Bxd6 Qf6) 22. Qd2 (22. Bxc5 $11 Bxc5 23. Qf2) 22... Bxf3 (22... b5 {with more complications.} 23. Nce5 Nxe4 24. dxe4 Nxe5 25. Nxe5 Bxa3 26. Nxg4 Bxc1 27. Rxc1 Rxc1+ 28. Qxc1 Qa5) 23. Rxf3 ({White should play} 23. Bxf3 $15 b5 24. Nd6 Nxb3 25. axb3 Bxd6 26. Bxd6 Qxd6 27. Bg4) 23... b5 $1 $17 24. Nd6 {[%emt 0:01:35][%mdl 64] [#] Double Attack} Nxe4 ({Don't play} 24... Bxd6 $6 25. Bxc5 Bxc5 26. Rxc5 $11) ({Better is} 24... Nxb3 $1 $17 25. axb3 Bxd6 26. Bxd6 Qxd6) 25. dxe4 $11 Bxd6 26. Bxd6 Qxd6 27. e5 Qb4 28. Rd3 Qxd2 29. Rxd2 Nb4 30. Rcd1 Nc2 31. Rc1 Ne3 32. Rxc8 Rxc8 33. Rxd4 Nxg2 34. Kxg2 {[%emt 0:00:14][%mdl 4096] Endgame KR-KR} Rc2+ 35. Kg3 Rxa2 36. Rd8+ Kh7 37. f5 Re2 38. Rd7 (38. Rd5 $11) 38... Rxe5 $17 39. Rxf7 {[%emt 0:00:12] [#]} a5 ({Black should try} 39... Kg8 $1 $17 40. Rxa7 Rxf5) 40. Kf4 $1 $11 Re2 41. Ra7 Rxh2 {[%emt 0:00:48] And now ...Rb2 would win.} 42. Rxa5 Rh4+ 43. Ke5 Rb4 44. Ra7 $1 Rxb3 {[%emt 0:00:12] Threatens to win with ...h5.} 45. f6 Rg3 {[%emt 0:00:14] White must now prevent ...Rg6.} 46. Rb7 $1 ({Don't blunder} 46. Kf4 $2 Rg6 47. f7 Rf6+ 48. Kg4 Kg6 $19) 46... Rg1 47. Ke4 b4 {[%emt 0:00:18] ...Rg6 would be deadly.} (47... Rg6 {seems wilder.} 48. fxg7 Rg4+ 49. Kd3 b4) 48. fxg7 $2 {[%emt 0:00:34][%mdl 8192] This costs White the game.} (48. Ke3 $11) 48... Rxg7 $19 49. Rb5 (49. Rb6 Rg2 50. Kd5 (50. Rb7+ $2 Kg6 $19)) 49... Rg4+ 50. Kf3 Rc4 {[%emt 0:00:14] aiming for ...Kg7.} 51. Rb6 h5 52. Kg3 h4+ 53. Kg2 Kg7 54. Kf3 h3 55. Kg3 Rc3+ 56. Kh2 b3 {[%emt 0:00:07] Weighted Error Value: White=0.59/Black=0.10 (very precise)} 0-1

[Event "20th Delhi GM Open 2023"]
[Site "New Delhi"]
[Date "2023.03.26"]
[Round "5.5"]
[White "Murzin, Volodar"]
[Black "Aswath S"]
[Result "1-0"]
[ECO "C84"]
[WhiteElo "2554"]
[BlackElo "2214"]
[Annotator "TA"]
[PlyCount "113"]
[EventDate "2023.03.23"]
[EventType "swiss"]
[EventCountry "IND"]
[SourceTitle "playchess.com"]
[Source "ChessBase"]
[SourceQuality "1"]
[TimeControl "5400+30"]

1. e4 e5 2. Nf3 Nc6 3. Bb5 a6 4. Ba4 Nf6 5. O-O Be7 6. d3 b5 7. Bb3 d6 8. a3 O-O 9. Nc3 Bg4 10. Be3 Nd4 {[%emt 0:00:08] C84: Closed Ruy Lopez: Unusual White 6th moves.} 11. Bxd4 exd4 12. Nd5 c5 {[%emt 0:00:07] The position is equal.} 13. h3 Be6 14. Nxf6+ Bxf6 15. Bxe6 fxe6 16. Qe2 e5 17. a4 Qd7 18. b3 {[%emt 0:07:20] [#]} Rfc8 $146 ({Predecessor:} 18... d5 19. exd5 Qxd5 20. Nd2 Rfe8 21. axb5 axb5 22. Qe4 Qxe4 23. Nxe4 Be7 24. g3 g5 {½-½ Gutkind,K (2099)-Reichardt,R (1942) Vlissingen HZ op 22nd 2018 (9)}) 19. Rfb1 Bd8 20. axb5 axb5 21. Rxa8 Rxa8 22. Qd1 Qa7 23. h4 Qa2 24. g3 h6 25. Kg2 Kh7 26. Ng1 Bf6 27. Nh3 Kh8 28. Ng1 c4 29. bxc4 bxc4 30. Nf3 c3 {[%emt 0:06:13] Inhibits Nd2.} 31. Rb6 Qa1 $2 ({Black should play} 31... Qe6 $11) 32. Qe2 $2 ({White has to play} 32. Qxa1 $16 Rxa1 33. Rxd6) 32... Qc1 $11 33. Nh2 Rf8 (33... Ra1 $2 34. Rb8+ Kh7 35. Qg4 Qh1+ 36. Kh3 $18) 34. Rb7 {[%emt 0:01:24][%cal Bb6b7,Bb7d7,Bd7d6][%mdl 32] Hoping for Qh5.} Bd8 $2 {[%emt 0:02:49][%mdl 8192] [#] Black is now going downhill.} (34... Qd2 35. Qh5 $18) (34... Be7 $1 $11 {and Black is okay.}) 35. Qg4 $1 $18 Bf6 36. Qg6 {[%emt 0:01:10] Ng4 is the strong threat.} Qb2 {[%emt 0:02:01] [#]} (36... Qxc2 $2 37. Ng4 Qxd3 38. Nxf6 $18) 37. Rd7 (37. Rxb2 $2 cxb2 38. g4 b1=Q $19) 37... Qb8 (37... Qxc2 $2 38. Ng4 $18 (38. Rxd6 $2 Be7 $19)) (37... Qb5 $142 38. Rxd6 Qe8) 38. Ng4 {[%emt 0:02:35] White threatens Nxf6 and mate.} Qe8 39. Qxe8 Rxe8 40. Rxd6 {[%emt 0:00:18][%mdl 4096] Endgame KRB-KRN} Rb8 41. f4 exf4 42. Nxf6 (42. gxf4 $6 Rb2 $16) 42... gxf6 43. gxf4 {[%emt 0:00:27] KR-KR} (43. Rxd4 $6 Rb2 44. gxf4 (44. Rd8+ Kg7 $16) 44... Kg7) 43... Rb2 44. Rxd4 ({Worse is} 44. Rxf6 Rxc2+ 45. Kg3 Rd2 $11) 44... Rxc2+ 45. Kf3 Rh2 $2 (45... Rc1 46. Rc4 h5) 46. Kg4 (46. Rc4 h5 47. Rxc3 Rh3+ 48. Kg2 Rxh4 $16) 46... Kg7 47. Rc4 c2 48. Kf5 {[%emt 0:00:17] Rc7+ would be deadly.} h5 49. Rc7+ Kh6 50. d4 {[%emt 0:00:41][%cal Bd3d4,Bd4d5,Bd5d6,Bd6d7][%mdl 32] d5 would kill now.} Re2 51. d5 {[%emt 0:00:44] White mates.} ({Weaker is} 51. Kxf6 Rxe4 52. Kf5 (52. Rxc2 Rxf4+ 53. Ke5 Rxh4 $14) 52... Rxd4 $16) 51... Rf2 52. d6 Rd2 53. Ke6 Rd4 54. e5 Rxf4 55. d7 Rd4 56. Rxc2 fxe5 57. Rc8 {[%emt 0:00:08] Weighted Error Value: White=0.08 (flawless) /Black=0.54} 1-0

[Event "20th Delhi GM Open 2023"]
[Site "New Delhi"]
[Date "2023.03.26"]
[Round "5.6"]
[White "Adireddy Arjun"]
[Black "Savchenko, Boris"]
[Result "0-1"]
[ECO "B08"]
[WhiteElo "2078"]
[BlackElo "2552"]
[Annotator "TA"]
[PlyCount "98"]
[EventDate "2023.03.23"]
[EventType "swiss"]
[EventCountry "IND"]
[SourceTitle "playchess.com"]
[Source "ChessBase"]
[SourceQuality "1"]
[TimeControl "5400+30"]

1. e4 g6 2. d4 Bg7 3. Nc3 d6 4. Nf3 c6 5. Be3 Nf6 6. h3 O-O 7. Qd2 Nbd7 8. O-O-O {[%emt 0:02:23] B08: Pirc Defence: Classical System.} (8. a4 $14) 8... Qa5 $5 {[%emt 0:06:14][%mdl 4] Exploring less charted territory.} (8... b5 $15) 9. Kb1 $11 Re8 {[%emt 0:01:05] [#]} 10. Nd5 $146 {[%emt 0:13:49] The position is equal.} ({Predecessor:} 10. g4 Nf8 11. g5 N6d7 12. Bc4 b5 13. Bb3 Bb7 14. Qd3 a6 15. Ne2 Rac8 16. h4 {0-1 Montes,J-Meyer,T (2027) Bremen-ch op 2013 (1)}) 10... Qxd2 11. Nxf6+ Nxf6 (11... exf6 {simplifies} 12. Nxd2 Nb6 13. Bd3 d5) 12. Nxd2 e5 13. dxe5 dxe5 14. f3 (14. g4 $14) 14... Nh5 15. Nc4 Ng3 16. Rg1 Nxf1 17. Rgxf1 {[%emt 0:00:08] White wants to play Nd6.} Be6 18. Na5 Re7 19. Rd2 {[%emt 0:01:11] With the idea Rfd1.} Rc7 20. Rfd1 Bf6 {[%emt 0:03:01] Wards off Rd8+} 21. b3 h5 (21... b6 $5 22. Nc4 $8 Rb8 $11) 22. f4 Kg7 23. fxe5 (23. g4 $11 hxg4 24. hxg4 exf4 25. Bxf4) 23... Bxe5 $15 24. Bd4 {[%emt 0:03:30] Inhibits .} (24. Nc4 $15 Bxc4 25. bxc4) 24... Bxd4 $19 25. Rxd4 b6 26. Nc4 {[%emt 0:00:07] [#]} c5 $1 27. R4d2 Bxc4 28. bxc4 {[%emt 0:00:08][%mdl 4096] Endgame KRR-KRR} Re8 29. Rd7 (29. Re2 $17) 29... Rxd7 30. Rxd7 {[%emt 0:00:02] KR-KR} a5 31. Rd6 Rxe4 32. Rxb6 Rxc4 33. a3 $2 {[%emt 0:06:08] Loses the game.} (33. Ra6 $17) 33... Rc3 34. Kb2 {[%emt 0:01:44] [#]} Rg3 35. Rb5 a4 (35... Rxg2 $2 {perishes.} 36. Rxa5 Rh2 37. Rxc5 $19) 36. Ra5 Rxg2 {[%emt 0:02:04] White must now prevent ...Rh2.} 37. Rxa4 Rg3 38. Re4 (38. Rh4 $142 Kf6 39. a4) 38... Rxh3 39. a4 Rh1 40. a5 Rd1 {[%emt 0:00:19] aiming for ...Rd8.} 41. a6 (41. Rc4 $142 Rd8 42. Kc3) 41... Rd8 42. Ra4 g5 43. Kc3 h4 {[%emt 0:01:06][%cal Bh5h4,Bh4h3,Bh3h2][%mdl 32] Threatens to win with ...h3.} 44. a7 h3 45. a8=Q Rxa8 46. Rxa8 h2 47. Ra1 g4 {[%emt 0:00:06] ( -> ...g3)} 48. Kd3 g3 49. Ke2 g2 {[%emt 0:00:04] Weighted Error Value: White=0.65/Black=0.11 (very precise)} 0-1

[Event "20th Delhi GM Open 2023"]
[Site "New Delhi"]
[Date "2023.03.26"]
[Round "5.7"]
[White "Nithin Babu"]
[Black "Krasenkow, Michal"]
[Result "0-1"]
[ECO "A41"]
[WhiteElo "2061"]
[BlackElo "2527"]
[Annotator "TA"]
[PlyCount "106"]
[EventDate "2023.03.23"]
[EventType "swiss"]
[EventCountry "IND"]
[SourceTitle "playchess.com"]
[Source "ChessBase"]
[SourceQuality "1"]
[TimeControl "5400+30"]

1. e4 d6 2. d4 Nf6 3. Nc3 c6 4. Nf3 Bg4 5. h3 Bh5 6. Qe2 e6 7. g4 Bg6 8. d5 {[%emt 0:01:29] A41: 1 d4 d6: Tartakower System and Modern Defence.} cxd5 9. exd5 e5 {[%emt 0:00:04] [#]} 10. Nh4 $146 {[%emt 0:01:57] White is better.} ({Predecessor:} 10. h4 Nxg4 11. Nd4 Nf6 12. Bh3 Bh5 13. Qb5+ Nbd7 14. Qxb7 Rb8 15. Qxa7 exd4 16. Bg5 {0-1 Roberson,P (2437)-Pakleza,Z (2501) Titled Tuesday intern op 28th Sept blitz 2021 (6)}) 10... Be7 11. Nxg6 hxg6 12. Be3 Nbd7 13. Bg2 a6 14. O-O ({White should try} 14. O-O-O $14) 14... Rc8 $11 15. f4 exf4 16. Bxf4 O-O (16... Ne5 {with more complications.} 17. Bxe5 dxe5 18. Qxe5 O-O) 17. Kh1 Re8 18. Qf3 Bf8 19. h4 $2 ({White should play} 19. Qg3 $11) 19... Qb6 (19... Ne5 $142 20. Bxe5 dxe5) 20. Rab1 $17 Ne5 {[%emt 0:11:34][%cal Bd7e5,Be5g4,Bg4e3][%mdl 32] Black is more active.} 21. Qg3 (21. Bxe5 $17 Rxe5 22. Qf4) 21... Nexg4 $19 ({Inferior is} 21... Nfxg4 22. Bh3 Nf6 23. Bxc8 Rxc8 24. Be3 $11) 22. Bh3 {[%emt 0:02:40] [#]} Ne3 {[%emt 0:00:10] Excellent horsemanship.} 23. Qg1 (23. Qf2 Rc4) 23... Rc4 {[%emt 0:02:14] aiming for ...Qc5.} 24. Rbe1 $2 (24. Rf3 {is more resistant.} Nexd5 25. Qxb6 Nxb6 26. Bf1) 24... Qxb2 ({Stronger than} 24... Nexd5 25. Rxe8 Qxg1+ 26. Rxg1 $11) 25. Nd1 Nxd1 ({Weaker is} 25... Qxc2 26. Nxe3 Qe4+ 27. Bg2 Qxf4 28. Rxf4 Rxf4 29. Qh2 $16) 26. Rxd1 Qxc2 {[%emt 0:01:05] [#] ...Nh5 is the strong threat.} 27. Rc1 Qxa2 28. Bg3 Rxc1 29. Rxc1 Qxd5+ 30. Bg2 Ne4 31. Qe3 f5 32. Bh2 Be7 33. h5 gxh5 34. Qf3 g6 35. Bf4 Bf6 36. Rg1 Be5 37. Rc1 Bxf4 38. Qxf4 Qe5 39. Qh6 Ng3+ (39... Nf2+ $142 40. Kg1 Ng4 41. Qg5 Kf8 42. Qd2 Qh2+ 43. Kf1 Ne3+ 44. Qxe3 Rxe3 45. Rc8+ Kg7 46. Rc7+ Kh6 47. Rc2 Qe5 48. Bf3 Rxf3+ 49. Rf2 Rh3 50. Rg2 Qe3 51. Rc2 Rh1+ 52. Kg2 Rg1+ 53. Kh2 Qg3#) 40. Kh2 Ne2+ 41. Kh1 Nxc1 42. Qxg6+ Kf8 43. Qh6+ Ke7 44. Qxc1 {[%emt 0:00:23][%mdl 4096] Endgame KQR-KQB} Rg8 45. Qc7+ Kf6 {[%emt 0:00:04] ( -> ...Qe1+)} 46. Qc1 {[%emt 0:00:37] Inhibits Qe1+.} Qg3 (46... Rg4 $142 47. Qf1 Rh4+ 48. Bh3 b5 49. Qf3 b4 50. Kg1 Rc4 51. Kh1 b3 52. Qf2 Rc1+ 53. Bf1 Rc2 54. Kg1 Rxf2 55. Kxf2 Qd4+ 56. Kg3 b2 57. Kh3 b1=Q 58. Kg2 Qg4+ 59. Kh2 Qf4+ 60. Kh3 Qbxf1#) 47. Qb2+ Kg6 48. Bd5 Qe1+ 49. Kg2 Rg7 (49... Re8 $142 50. Bc4 Qe4+ 51. Kg1 Qxc4 52. Qd2 Kh7 53. Qg5 Rg8 54. Qxg8+ Kxg8 55. Kf2 Qe4 56. Kg3 h4+ 57. Kf2 h3 58. Kf1 Qg2+ 59. Ke1 h2 60. Kd1 h1=Q#) 50. Kh3 Kh7 {[%emt 0:00:22][%csl Gg7][%cal Re1g3] Black mates.} 51. Qb3 Qf1+ 52. Kh2 Qg1+ 53. Kh3 Qg4+ {[%emt 0:00:54] Weighted Error Value: White=0.63/Black=0.09 (flawless)} (53... h4 $142 54. Bg8+ Kh8 55. Qf3 Rg3+ 56. Kxh4 Qh2#) 0-1

[Event "20th Delhi GM Open 2023"]
[Site "New Delhi"]
[Date "2023.03.26"]
[Round "5.8"]
[White "Paichadze, Luka"]
[Black "Deshmukh, Anup"]
[Result "1-0"]
[ECO "C26"]
[WhiteElo "2515"]
[BlackElo "2129"]
[Annotator "TA"]
[PlyCount "53"]
[EventDate "2023.03.23"]
[EventType "swiss"]
[EventCountry "IND"]
[SourceTitle "playchess.com"]
[Source "ChessBase"]
[SourceQuality "1"]
[TimeControl "5400+30"]

1. e4 e5 2. Nc3 Nf6 3. g3 d5 4. exd5 Bc5 5. Bg2 c6 6. dxc6 {[%emt 0:06:18] C26: Vienna Game: 2...Nf6, sidelines .} Nxc6 7. Nge2 Bg4 8. h3 {[%emt 0:02:17] White is slightly better.} Bh5 {[%emt 0:02:35] [#]} 9. g4 $146 ({Predecessor:} 9. d3 O-O 10. O-O Rc8 11. Bg5 h6 12. Bxf6 gxf6 13. g4 Bg6 14. Ng3 Kg7 15. Be4 {1-0 Lanin,B (2096)-Bramburg,B (2272) RUS-ch qf 11-3 email 2011}) 9... Bg6 10. d3 h5 11. g5 $36 {[%emt 0:01:52][%mdl 2048] Keeping Black busy.} Nh7 12. h4 O-O 13. Ne4 Bb6 14. N2g3 Rc8 ({Black should play} 14... f5 15. Nc3 (15. gxf6 Nxf6 16. Bg5 Nxe4 $14) 15... Rc8) 15. c3 $16 ({Inferior is} 15. Nxh5 Nd4 16. O-O (16. c3 Bxh5 {[%mdl 64] Deflection} 17. Qxh5 Nc2+ {[%mdl 64] Discovered Attack, Double Attack} 18. Ke2 Nxa1 $17) 16... Rxc2 $11) 15... f5 16. gxf6 Nxf6 17. Bg5 {[%emt 0:01:06] And now Bxf6 would win.} Nxe4 {[%emt 0:08:30][%mdl 64] [#] Remove Defender} 18. Nxe4 (18. Bxd8 $2 {perishes.} Bxf2+ 19. Ke2 Nxg3+ 20. Kd2 Rcxd8 $19) 18... Bxe4 $2 {[%emt 0:14:30] A mistake that costs the game.} (18... Qe8 $16 {was necessary.} 19. O-O Rc7) 19. Bxe4 Bxf2+ $2 (19... Qe8 {keeps fighting.} 20. Be3 Nd8) 20. Kd2 $18 Qe8 21. Rf1 Rc7 22. Qe2 Qf7 (22... Bc5 23. Bd5+ Kh8 24. Rxf8+ Bxf8) 23. Kd1 Rd7 24. Rc1 Qc4 25. b3 ({Weaker is} 25. Rxf2 Rxf2 $15) 25... Qc5 26. Qxh5 {[%emt 0:01:14] [#] Intending Bh7+ and mate.} Rd6 27. Bh7+ {[%emt 0:00:12] A cool game by Paichadze.   Weighted Error Value: White=0.07 (flawless) /Black=0.71} 1-0

[Event "20th Delhi GM Open 2023"]
[Site "New Delhi"]
[Date "2023.03.26"]
[Round "5.9"]
[White "Neelash Saha"]
[Black "Kulkarni, Vinayak"]
[Result "1-0"]
[ECO "D02"]
[WhiteElo "2444"]
[BlackElo "2011"]
[Annotator "TA"]
[PlyCount "59"]
[EventDate "2023.03.23"]
[EventType "swiss"]
[EventCountry "IND"]
[SourceTitle "playchess.com"]
[Source "ChessBase"]
[SourceQuality "1"]
[TimeControl "5400+30"]

1. d4 d5 2. Bf4 Nf6 3. e3 e6 4. Nd2 Bd6 5. Bg3 O-O 6. Bd3 c5 7. c3 Nc6 8. Ngf3 Re8 9. Ne5 Bxe5 10. dxe5 Nd7 {[%emt 0:00:08] D02: 1 d4 d5 2 Nf3 sidelines, including 2...Nf6 3 g3 and 2...Nf6 3 Bf4.} 11. Nf3 ({Much worse is} 11. Qh5 g6 12. Qe2 Ndxe5 $15) 11... Nf8 12. h4 f5 {[%emt 0:06:42] White has an edge.} 13. exf6 {[%emt 0:02:24] [#]} Qxf6 $146 ({Predecessor:} 13... gxf6 14. e4 Ne7 15. O-O Bd7 16. Re1 Bc6 17. Qe2 Qb6 18. h5 dxe4 19. Bxe4 Bxe4 20. Qxe4 {1-0 Lagopatis,N (2123)-Michos,T (2241) GRE-chT 28th 1999}) 14. Bc2 Qd8 15. e4 {[%emt 0:02:33] White is more active.} d4 16. cxd4 Qa5+ (16... Nxd4 $142 17. O-O b6) 17. Qd2 $16 Qxd2+ 18. Kxd2 Nxd4 19. Nxd4 Rd8 {[%emt 0:01:22] [#]} 20. Rhd1 $1 Rxd4+ 21. Ke3 Rxd1 22. Rxd1 {[%emt 0:00:05] Black must now prevent Ba4.} b6 23. Bb3 Ba6 24. h5 Kf7 25. Be5 g6 26. hxg6+ hxg6 27. f4 Rc8 28. g4 b5 $2 (28... Bb5 29. Rh1 Rd8) 29. Rd6 $18 Bb7 {[%emt 0:01:09] [#]} 30. Bxe6+ $1 {[%emt 0:00:06][%mdl 576] Deflection. Black did not feel at home in the position after the opening.   Weighted Error Value: White=0.06 (flawless) /Black=0.33} 1-0